General information
- name: BNet
- type: Ladder team game (AT/RT)
- host: Battle.net
- saver: sc2no.wc4yes
map: Feralas_LV
- players: 8
- length: 22:45
- speed: Fast
- version: 1.10030 W3XP
- replay type: Public
» download(249 KB)
Players
team 1 (loser)
li331 (
red | 72 APM | 1643 actions | 22:44)
6 Death Knight
3 Death Coil
2 Unholy Aura
1 Animate Dead
4 Lich
2 Frost Nova
2 Frost Armor
» actions
| Assign group hotkey | 38 | |
| Basic commands | 186 | |
| Build / train | 74 | |
| Enter build submenu | 21 | |
| Enter hero's abilities submenu | 11 | |
| Give item / drop item | 6 | |
| Right click | 390 | |
| Select / deselect | 284 | |
| Select group hotkey | 514 | |
| Use ability | 119 | |
1643 total
» units
| Acolyte | 13 | |
| Ghoul | 4 | |
| Crypt Fiend | 7 | |
| Forest Troll Shadow Priest | 1 | |
| Obsidian Statue | 2 | |
| Frost Wyrm | 12 | |
39 total
» upgrades
| Web | 1 | |
| Burrow | 1 | |
| Destroyer Form | 1 | |
| Freezing Breath | 1 | |
| Creature Attack | 1 | |
| Creature Carapace | 1 | |
6 total
» buildings
| Crypt | 1 | |
| Altar of Darkness | 1 | |
| Ziggurat | 8 | |
| Graveyard | 1 | |
| Tomb of Relics | 1 | |
| Necropolis | 1 | |
| Halls of the Dead | 1 | |
| Nerubian Tower | 1 | |
| Spirit Tower | 2 | |
| Black Citadel | 1 | |
| Sacrificial Pit | 1 | |
| Slaughterhouse | 1 | |
| Boneyard | 2 | |
22 total
» build order
00:10 Crypt
00:13 Altar of Darkness
00:34 Ziggurat
01:05 Graveyard
01:32 Tomb of Relics
02:08 Ziggurat
03:07 Ziggurat
03:49 Necropolis
04:50 Halls of the Dead
05:12 Nerubian Tower
05:41 Ziggurat
06:00 Ziggurat
06:36 Spirit Tower
07:18 Spirit Tower
07:56 Black Citadel
08:24 Sacrificial Pit
08:26 Slaughterhouse
10:21 Boneyard
10:24 Boneyard
12:43 Ziggurat
12:44 Ziggurat
12:45 Ziggurat
» items
| Rod of Necromancy | 2 | |
| Sacrificial Skull | 1 | |
| Scroll of Town Portal | 5 | |
| Orb of Corruption | 2 | |
| Scroll of Healing | 1 | |
| Potion of Healing | 1 | |
12 total
LostHisMarbles (
teal | 49 APM | 1108 actions | 22:36)
8 Far Seer
3 Feral Spirit
3 Chain Lighting
1 Earth Quake
1 Far Sight
1 Mountain King
1 Storm Bolt
» actions
| Basic commands | 109 | |
| Build / train | 100 | |
| ESC pressed | 1 | |
| Enter build submenu | 42 | |
| Enter hero's abilities submenu | 9 | |
| Give item / drop item | 4 | |
| Remove unit from queue | 1 | |
| Right click | 298 | |
| Select / deselect | 421 | |
| Use ability | 123 | |
1108 total
» units
| Peon | 23 | |
| Troll Headhunter/Berserker | 9 | |
| Tauren | 4 | |
| Shaman | 4 | |
| Troll Witch Doctor | 3 | |
| Gryphon Rider | 4 | |
47 total
» upgrades
| Ranged Weapons | 1 | |
| Armor | 3 | |
| Spiked Barricades | 1 | |
| Reinforced Defenses | 1 | |
| Troll Regeneration | 1 | |
| Berserker Upgrade | 1 | |
| Shaman Training | 2 | |
| Witch Doctor Training | 2 | |
| Pulverize | 1 | |
| Melee Weapons | 3 | |
| Storm Hammers | 1 | |
| Swords | 1 | |
| Plating | 1 | |
| Masonry | 1 | |
20 total
» buildings
| Orc Burrow | 7 | |
| Altar of Storms | 1 | |
| Voodoo Lounge | 1 | |
| War Mill | 2 | |
| Barracks | 2 | |
| Watch Tower | 9 | |
| Great Hall | 1 | |
| Stronghold | 1 | |
| Fortress | 1 | |
| Spirit Lodge | 4 | |
| Tauren Totem | 3 | |
32 total
» build order
00:21 Orc Burrow
00:36 Altar of Storms
01:05 Voodoo Lounge
01:25 Orc Burrow
01:53 War Mill
02:05 Barracks
02:32 Barracks
03:08 Watch Tower
03:46 Watch Tower
04:25 Orc Burrow
05:40 Great Hall
06:00 Watch Tower
06:31 Stronghold
07:25 Watch Tower
09:32 Watch Tower
09:35 Fortress
10:30 Spirit Lodge
10:31 Spirit Lodge
10:34 Tauren Totem
10:34 Tauren Totem
10:35 Tauren Totem
11:31 Spirit Lodge
12:06 War Mill
13:06 Spirit Lodge
14:45 Orc Burrow
14:46 Orc Burrow
19:57 Orc Burrow
19:57 Orc Burrow
20:02 Watch Tower
20:02 Watch Tower
20:03 Watch Tower
20:04 Watch Tower
» items
| Healing Salve | 3 | |
| Circlet of Nobility | 1 | |
| Boots of Speed | 1 | |
| Lesser Clarity Potion | 3 | |
| Potion of Mana | 2 | |
| Potion of Healing | 1 | |
| Scroll of Town Portal | 4 | |
| Orb of Lightning | 1 | |
16 total
imBackBabyCakes (
pink | 71 APM | 1610 actions | 22:41)
4 Archmage
2 Summon Water Elemental
2 Brilliance Aura
» actions
| Basic commands | 173 | |
| Build / train | 53 | |
| Enter build submenu | 24 | |
| Enter hero's abilities submenu | 4 | |
| Right click | 919 | |
| Select / deselect | 339 | |
| Use ability | 98 | |
1610 total
» units
| Peasant | 38 | |
| Footman | 2 | |
| Rifleman | 1 | |
41 total
» upgrades
» buildings
| Altar of Kings | 1 | |
| Farm | 8 | |
| Barracks | 2 | |
| Blacksmith | 3 | |
| Scout Tower | 8 | |
| Lumber Mill | 1 | |
| Guard Tower | 4 | |
| Arcane Tower | 1 | |
| Town Hall | 1 | |
29 total
» build order
00:39 Altar of Kings
00:44 Farm
01:10 Barracks
01:23 Farm
01:50 Barracks
02:16 Farm
02:17 Farm
02:38 Blacksmith
05:24 Blacksmith
05:32 Scout Tower
05:33 Scout Tower
05:39 Scout Tower
05:40 Scout Tower
06:15 Lumber Mill
06:35 Farm
06:37 Farm
08:01 Guard Tower
08:06 Scout Tower
08:07 Scout Tower
08:12 Scout Tower
08:36 Guard Tower
08:36 Guard Tower
08:42 Farm
09:12 Blacksmith
11:38 Scout Tower
12:06 Arcane Tower
12:34 Farm
21:18 Town Hall
LilTommyPicklez (
blue | 37 APM | 662 actions | 18:00)
4 Mountain King
2 Storm Bolt
2 Thunder Clap
» actions
| Build / train | 53 | |
| Enter build submenu | 29 | |
| Enter hero's abilities submenu | 4 | |
| Give item / drop item | 1 | |
| Right click | 321 | |
| Select / deselect | 192 | |
| Use ability | 62 | |
662 total
» units
| Peasant | 15 | |
| Footman | 3 | |
| Rifleman | 4 | |
| Gryphon Rider | 2 | |
| Knight | 4 | |
| Priest | 1 | |
29 total
» upgrades
| Lumber Harvesting | 2 | |
| Animal War Training | 1 | |
| Plating | 2 | |
| Swords | 1 | |
6 total
» buildings
| Altar of Kings | 1 | |
| Barracks | 2 | |
| Farm | 8 | |
| Scout Tower | 9 | |
| Blacksmith | 1 | |
| Arcane Tower | 2 | |
| Keep | 1 | |
| Arcane Vault | 1 | |
| Lumber Mill | 1 | |
| Town Hall | 1 | |
| Castle | 1 | |
| Guard Tower | 6 | |
| Gryphon Aviary | 2 | |
| Arcane Sanctum | 1 | |
37 total
» build order
00:25 Altar of Kings
00:40 Barracks
00:54 Farm
01:10 Farm
01:56 Scout Tower
02:13 Farm
02:19 Blacksmith
02:29 Arcane Tower
03:40 Keep
04:08 Farm
05:14 Scout Tower
05:32 Barracks
05:40 Farm
05:49 Arcane Tower
05:51 Farm
06:06 Arcane Vault
06:25 Lumber Mill
07:01 Scout Tower
07:05 Scout Tower
07:14 Scout Tower
07:17 Scout Tower
07:28 Town Hall
07:33 Castle
07:44 Guard Tower
07:50 Scout Tower
08:06 Guard Tower
08:18 Gryphon Aviary
08:28 Gryphon Aviary
10:25 Farm
10:43 Arcane Sanctum
12:28 Guard Tower
13:51 Scout Tower
13:57 Scout Tower
14:21 Guard Tower
14:21 Guard Tower
14:22 Guard Tower
15:26 Farm
» items
| Scroll of Town Portal | 1 | |
| Scroll of Regeneration | 1 | |
| Potion of Mana | 1 | |
3 total
team 2 (winner)

»
sc2no.wc4yes (
orange | 102 APM | 2310 actions | 22:45)
8 Pandaren Brewmaster
3 Breath of Fire
3 Drunken Brawler
1 Storm Earth and Fire
1 Drunken Haze
» actions
| Assign group hotkey | 63 | |
| Basic commands | 79 | |
| Build / train | 88 | |
| ESC pressed | 2 | |
| Enter build submenu | 34 | |
| Enter hero's abilities submenu | 8 | |
| Give item / drop item | 3 | |
| Right click | 1025 | |
| Select / deselect | 355 | |
| Select group hotkey | 557 | |
| Use ability | 96 | |
2310 total
» units
| Wisp | 23 | |
| Archer | 1 | |
| Huntress | 3 | |
| Druid of the Talon | 6 | |
| Dryad | 11 | |
| Hippogryph | 11 | |
55 total
» upgrades
| Ultravision | 1 | |
| Well Spring | 1 | |
| Abolish Magic | 1 | |
| Nature's Blessing | 1 | |
4 total
» buildings
| Altar of Elders | 1 | |
| Moon Well | 13 | |
| Ancient of War | 2 | |
| Tree of Ages | 2 | |
| Hunter's Hall | 1 | |
| Tree of Life | 4 | |
| Tree of Eternity | 1 | |
| Ancient of Wind | 2 | |
| Ancient of Lore | 2 | |
| Ancient of Wonders | 1 | |
| Ancient Protector | 1 | |
30 total
» build order
00:12 Altar of Elders
00:15 Moon Well
01:20 Ancient of War
01:36 Moon Well
01:58 Moon Well
02:47 Tree of Ages
02:48 Tree of Ages
03:17 Hunter's Hall
03:19 Ancient of War
04:02 Moon Well
05:41 Tree of Life
05:59 Tree of Eternity
06:54 Moon Well
06:55 Moon Well
06:55 Moon Well
09:15 Ancient of Wind
09:16 Ancient of Wind
09:17 Ancient of Lore
12:10 Ancient of Lore
12:48 Ancient of Wonders
12:57 Moon Well
12:57 Moon Well
12:57 Moon Well
13:39 Moon Well
13:40 Moon Well
13:42 Moon Well
15:29 Tree of Life
17:50 Ancient Protector
21:11 Tree of Life
21:13 Tree of Life
» items
| Scroll of Healing | 1 | |
| Scroll of Protection | 1 | |
| Boots of Speed | 1 | |
| Potion of Invisibility | 2 | |
| Circlet of Nobility | 1 | |
| Staff of Teleportation | 1 | |
| Scroll of Town Portal | 5 | |
| Orb of Venom | 1 | |
13 total
Linear (
green | 56 APM | 1275 actions | 22:44)
4 Blademaster
2 Wind Walk
2 Critical Strike
4 Pandaren Brewmaster
2 Breath of Fire
2 Drunken Haze
3 Shadow Hunter
2 Healing Wave
1 Hex
» actions
| Assign group hotkey | 23 | |
| Basic commands | 190 | |
| Build / train | 70 | |
| Enter build submenu | 15 | |
| Enter hero's abilities submenu | 11 | |
| Give item / drop item | 6 | |
| Right click | 477 | |
| Select / deselect | 345 | |
| Select group hotkey | 64 | |
| Use ability | 74 | |
1275 total
» units
» upgrades
| Pulverize | 1 | |
| Armor | 3 | |
| Melee Weapons | 3 | |
| Reinforced Defenses | 1 | |
| Ensnare | 1 | |
9 total
» buildings
| Orc Burrow | 6 | |
| Altar of Storms | 1 | |
| Stronghold | 2 | |
| War Mill | 1 | |
| Voodoo Lounge | 1 | |
| Fortress | 1 | |
| Tauren Totem | 2 | |
| Beastiary | 2 | |
16 total
» build order
00:18 Orc Burrow
00:34 Altar of Storms
01:52 Stronghold
01:52 Stronghold
02:04 Orc Burrow
02:09 War Mill
02:30 Voodoo Lounge
02:57 Orc Burrow
04:05 Orc Burrow
04:20 Fortress
05:14 Tauren Totem
05:21 Tauren Totem
10:25 Orc Burrow
12:40 Orc Burrow
19:30 Beastiary
19:32 Beastiary
» items
| Boots of Speed | 1 | |
| Circlet of Nobility | 1 | |
| Healing Salve | 5 | |
| Lesser Clarity Potion | 3 | |
| Orb of Lightning | 2 | |
| Tiny Great Hall | 1 | |
| Scroll of Town Portal | 4 | |
17 total

»
landShark (
purple | 68 APM | 1543 actions | 22:44)
5 Pandaren Brewmaster
3 Breath of Fire
2 Drunken Haze
» actions
| Assign group hotkey | 38 | |
| Basic commands | 43 | |
| Build / train | 92 | |
| ESC pressed | 1 | |
| Enter build submenu | 21 | |
| Enter hero's abilities submenu | 5 | |
| Give item / drop item | 1 | |
| Remove unit from queue | 1 | |
| Right click | 556 | |
| Select / deselect | 329 | |
| Select group hotkey | 333 | |
| Use ability | 123 | |
1543 total
» units
| Wisp | 35 | |
| Archer | 6 | |
| Dryad | 17 | |
| Hippogryph | 7 | |
65 total
» upgrades
| Improved Bows | 1 | |
| Ultravision | 1 | |
| Abolish Magic | 1 | |
| Strength of the Wild | 2 | |
| Reinforced Hides | 2 | |
| Nature's Blessing | 1 | |
8 total
» buildings
| Altar of Elders | 1 | |
| Moon Well | 7 | |
| Ancient of War | 1 | |
| Ancient of Wonders | 1 | |
| Tree of Ages | 1 | |
| Hunter's Hall | 2 | |
| Ancient of Lore | 3 | |
| Tree of Life | 1 | |
| Ancient Protector | 2 | |
| Ancient of Wind | 1 | |
| Tree of Eternity | 1 | |
21 total
» build order
00:09 Altar of Elders
00:16 Moon Well
00:54 Ancient of War
01:26 Moon Well
02:01 Moon Well
02:08 Ancient of Wonders
03:11 Tree of Ages
03:46 Hunter's Hall
04:09 Moon Well
06:13 Ancient of Lore
06:20 Ancient of Lore
09:39 Tree of Life
09:45 Ancient Protector
09:52 Ancient Protector
14:27 Hunter's Hall
14:33 Ancient of Wind
16:19 Moon Well
17:47 Ancient of Lore
19:56 Moon Well
20:02 Tree of Eternity
21:15 Moon Well
» items
| Lesser Clarity Potion | 3 | |
| Healing Salve | 1 | |
| Scroll of Town Portal | 4 | |
| Moonstone | 1 | |
| Potion of Healing | 1 | |
10 total

»
elite_mind (
yellow | 78 APM | 1785 actions | 22:44)
4 Pandaren Brewmaster
2 Breath of Fire
2 Drunken Brawler
5 Shadow Hunter
2 Healing Wave
3 Serpent Ward
» actions
| Assign group hotkey | 7 | |
| Build / train | 56 | |
| ESC pressed | 6 | |
| Enter build submenu | 28 | |
| Enter hero's abilities submenu | 9 | |
| Give item / drop item | 2 | |
| Remove unit from queue | 18 | |
| Right click | 839 | |
| Select / deselect | 190 | |
| Select group hotkey | 544 | |
| Use ability | 86 | |
1785 total
» units
| Peon | 18 | |
| Grunt | 6 | |
| Tauren | 2 | |
| Shaman | -13 | |
13 total
» upgrades
| Melee Weapons | 2 | |
| Armor | 2 | |
| Spiked Barricades | 1 | |
| Berserker Strength | 1 | |
| Pulverize | 1 | |
| Shaman Training | 2 | |
9 total
» buildings
| Altar of Storms | 1 | |
| Orc Burrow | 8 | |
| Barracks | 1 | |
| War Mill | 1 | |
| Stronghold | 1 | |
| Voodoo Lounge | 1 | |
| Fortress | 1 | |
| Great Hall | 2 | |
| Tauren Totem | 3 | |
| Spirit Lodge | 1 | |
| Watch Tower | 5 | |
25 total
» build order
00:06 Altar of Storms
00:10 Orc Burrow
00:41 Barracks
02:36 War Mill
03:14 Orc Burrow
03:16 Stronghold
04:14 Orc Burrow
05:29 Voodoo Lounge
06:51 Orc Burrow
07:11 Fortress
08:03 Great Hall
09:51 Tauren Totem
09:59 Tauren Totem
10:03 Orc Burrow
10:27 Tauren Totem
11:10 Orc Burrow
11:37 Spirit Lodge
14:07 Watch Tower
15:07 Watch Tower
15:12 Watch Tower
15:21 Orc Burrow
15:27 Orc Burrow
18:25 Great Hall
18:56 Watch Tower
20:14 Watch Tower
» items
| Healing Salve | 1 | |
| Orb of Lightning | 1 | |
2 total
Chat log
(00:09 / Allies) sc2no.wc4yes: you guys wanna go 4x panda and own someones base with aoe?
(00:12 / All) imBackBabyCakes: this is a cool map
(00:13 / Allies) elite_mind: hi guys
(00:15 / All) imBackBabyCakes: never played this
(00:17 / Allies) sc2no.wc4yes: answer fast
(00:18 / Allies) landShark: sure
(00:25 / All) imBackBabyCakes: is this new or something?
(00:26 / Allies) sc2no.wc4yes: ok ill scout for a human base
(00:26 / Allies) elite_mind: 4 pandas?
(00:29 / Allies) sc2no.wc4yes: that we can all breath of fire
(00:33 / Allies) elite_mind: mm ok
(00:45 / All) LostHisMarbles: new version of old
(01:14 / Allies) sc2no.wc4yes: get panda here
(01:14 / Allies) landShark: k
(01:16 / Allies) sc2no.wc4yes: and we all go in togheter
(01:30 / Allies) sc2no.wc4yes: save breath of fire for grouped militia
(01:34 / Allies) sc2no.wc4yes: and we get them all
(01:37 / Allies) elite_mind: ok
(02:23 / Allies) sc2no.wc4yes: COME
(02:42 / Allies) sc2no.wc4yes: miners
(02:51 / All) LilTommyPicklez: lol
(02:59 / All) LostHisMarbles: hehe
(03:03 / Allies) sc2no.wc4yes: lol
(03:17 / All) LostHisMarbles: gg
(03:21 / All) LilTommyPicklez: lo
(03:22 / All) LilTommyPicklez: k
(03:23 / Allies) sc2no.wc4yes: next base
(03:24 / Allies) sc2no.wc4yes: next base
(03:27 / All) LilTommyPicklez: geniunely amused
(03:43 / Allies) sc2no.wc4yes: we are good vs mass units not single target
(03:49 / Allies) sc2no.wc4yes: dont ever breath single taret
(04:11 / Allies) sc2no.wc4yes: come
(04:18 / Allies) sc2no.wc4yes: save breath for big clusters of milita
(04:37 / Allies) sc2no.wc4yes: ok leave
(04:39 / Allies) sc2no.wc4yes: lol
(04:41 / Allies) sc2no.wc4yes: go creep and expo
(04:49 / Allies) landShark: hit
(04:53 / Allies) sc2no.wc4yes: need to creep
(07:44 / Allies) elite_mind: 100 lumber please
(08:04 / Allies) elite_mind: thank you
(10:15 / Allies) landShark: grunts
(13:01 / Allies) landShark: needed help
(13:04 / Allies) landShark: dead
(13:56 / Allies) elite_mind: we need aa
(14:10 / Allies) sc2no.wc4yes: PANDA IS AA
(14:59 / Allies) elite_mind: dont die
(18:35 / Allies) sc2no.wc4yes: WHERE IS TEAM???
(20:57 / Allies) sc2no.wc4yes: WHY TEAM HAS NO UNITS???
(21:01 / Allies) sc2no.wc4yes: EWAIT
(21:02 / Allies) sc2no.wc4yes: WAIT
(21:02 / Allies) elite_mind: lol
(21:03 / Allies) sc2no.wc4yes: GROUP UP
(21:07 / Allies) elite_mind: cuz they killed all of them
(21:18 / Allies) sc2no.wc4yes: we WIN
(21:19 / Allies) sc2no.wc4yes: GO TAURENS
(21:20 / Allies) sc2no.wc4yes: EASY
(22:35 / All) LostHisMarbles: gg